 Dungeon Crawl Stone Soup version 0.20-a0-201-g851c6fa (webtiles) character file.

433 KristoblXynda the Slasher (level 6, -2/53 HPs)
             Began as a Draconian Berserker on Nov 24, 2016.
             Was a Priest of Trog.
             Slain by a hippogriff (9 damage)
             ... on level 4 of the Dungeon.
             The game lasted 00:04:23 (2439 turns).

KristoblXynda the Slasher (Draconian Berserker)     Turns: 2439, Time: 00:04:24

Health: -2/53      AC:  8    Str: 19    XL:     6   Next: 67%
Magic:  7/7        EV: 13    Int:  9    God:    Trog [***...]
Gold:   146        SH:  0    Dex: 11    Spells: 5/5 levels left

rFire  . . .     SeeInvis .     n - +2 quarterstaff (chaos)
rCold  . . .     Gourm    .     (armour unavailable)
rNeg   . . .     Faith    .     (shield currently unavailable)
rPois  .         Spirit   .     (helmet restricted)
rElec  .         Reflect  .     o - +1 cloak {+Inv}
rCorr  .         Harm     .     (no gloves)
MR     .....                    (no boots)
Stlth  +.........               (no amulet)
                                (no ring)
                                (no ring)

@: no status effects
A: unfitting armour, cold-blooded, AC +6
a: Berserk, Trog's Hand, Burn Spellbooks, Renounce Religion, Evoke Invisibility


You were on level 4 of the Dungeon.
You worshipped Trog.
Trog was most pleased with you.
You were not hungry.

You visited 1 branch of the dungeon, and saw 4 of its levels.

You collected 146 gold pieces.

Inventory:

Hand Weapons
 a - a +0 falchion
 n - a +2 quarterstaff of chaos (weapon)
Armour
 o - a +1 cloak of invisibility (worn)
Jewellery
 e - an uncursed ring of protection from magic {unknown}
Scrolls
 d - a scroll of identify
 t - 2 scrolls of remove curse
Potions
 c - a potion of haste
 f - a potion of lignification {unknown}
 h - a potion of degeneration
 j - a potion of flight
 l - a potion of resistance
 p - a potion of cancellation
 s - a potion of mutation
Books
 i - a book of Cantrips

   Spells                             Type                      Level
   a - Confusing Touch                Hexes                        1
   b - Animate Skeleton               Necromancy                   1
   c - Summon Small Mammal            Summoning                    1
   d - Apportation                    Translocation                1
   Trog disapproves of the use of such an item.
Comestibles
 b - 6 bread rations
 g - 2 meat rations
 k - 3 fruits
 q - 2 beef jerkies


   Skills:
 - Level 4.4 Fighting
 + Level 5.1 Long Blades
 + Level 4.4 Dodging
 + Level 2.4 Evocations


You had 5 spell levels left.
You didn't know any spells.

Dungeon Overview and Level Annotations

Branches:
Dungeon (4/15)
 Temple: D:4-7

Altars:
Hepliaklqana
Makhleb
Okawaru
Vehumet


Innate Abilities, Weirdness & Mutations

Your plain brown scales are hard. (AC +6)
You cannot fit into any form of body armour.
You are cold-blooded and may be slowed by cold attacks.


Message History

The hippogriff bites you. The hippogriff barely misses you.
The hippogriff claws you but does no damage.
The hippogriff barely misses you. The hippogriff pecks you.
The hippogriff closely misses you.
You completely miss the hippogriff.
The hippogriff is heavily wounded.
The hippogriff bites you. The hippogriff pecks you!
The hippogriff closely misses you.
You barely miss the hippogriff.
The hippogriff is heavily wounded.
The hippogriff bites you but does no damage.
The hippogriff pecks you but does no damage.
The hippogriff barely misses you.
Unknown command.
You closely miss the hippogriff. You tail-slap the hippogriff.
The hippogriff is heavily wounded.
The hippogriff bites you!
* * * LOW HITPOINT WARNING * * *
The hippogriff barely misses you. The hippogriff claws you!
You die...

. #.#....######
...#####.##........#
.......#......####.#
####.†####### #.#
##..##.###### #.#
#............# #.#
#..##...####.####(##
##)?##.## #........
##@.#.# ###.##..#
#....H.#.#
#####.##.##
#.##..##.#
#.........# ####..#
#.###.##... ##
#.....# #.#..##
#.##..# #.##...
#......


You could see a hippogriff.

Vanquished Creatures
  An ogre (D:4)
  A scorpion (D:4)
  A crimson imp (D:2)
  A hound (D:4)
  Crazy Yiuf (D:2)
  Terence (D:3)
  Ijyb (D:3)
  2 worker ants (D:4)
  4 adders
  2 oozes
  2 dart slugs
  A leopard gecko (D:1)
  An orc (D:3)
  A ball python (D:2)
  3 giant cockroaches (D:2)
  6 goblins
  7 hobgoblins
  A jackal (D:3)
  A quokka (D:2)
  10 bats
  5 frilled lizards
  8 kobolds
  14 rats
75 creatures vanquished.

Notes
Turn   | Place    | Note
-------+----------+-------------------------------------------
     0 | D:1      | KristoblXynda the Draconian Berserker began the quest for the Orb.
     0 | D:1      | Reached XP level 1. HP: 19/19 MP: 1/1
   349 | D:1      | Reached XP level 2. HP: 26/26 MP: 2/2
   502 | D:1      | Found an iron altar of Okawaru.
   733 | D:2      | Reached XP level 3. HP: 19/33 MP: 3/3
  1040 | D:2      | Found a burning altar of Makhleb.
  1053 | D:2      | Reached XP level 4. HP: 40/40 MP: 4/4
  1073 | D:2      | Reached ** piety under Trog
  1137 | D:2      | Reached skill level 4 in Long Blades
  1800 | D:2      | Found a runed door.
  1804 | D:2      | Noticed Crazy Yiuf
  1810 | D:2      | Killed Crazy Yiuf
  1810 | D:2      | Reached XP level 5. HP: 47/47 MP: 5/5
  1872 | D:3      | Noticed Ijyb
  1879 | D:3      | Killed Ijyb
  1934 | D:3      | Noticed Terence
  1942 | D:3      | Found a hazy altar of Hepliaklqana.
  1949 | D:3      | Reached *** piety under Trog
  1954 | D:3      | Killed Terence
  1954 | D:3      | Reached skill level 1 in Evocations
  2211 | D:4      | Noticed an ogre
  2226 | D:4      | Killed an ogre
  2226 | D:4      | Reached XP level 6. HP: 41/53 MP: 5/7
  2365 | D:4      | Found a radiant altar of Vehumet.
  2418 | D:4      | Reached skill level 5 in Long Blades
  2432 | D:4      | Noticed a hippogriff
  2439 | D:4      | Slain by a hippogriff

Vault maps used:
D:1:      saegor_arrival_simple_c, okawaru_ov_weapons_minmay
D:2:      cheibrodos_helix_gallery, makhleb_grotto_becter,
          minmay_rat_gold_closets, uniq_crazy_yiuf_cottage
D:3:      old_standard_altar, first_bread, uniq_terence, uniq_iyjb
D:4:      kennysheep_spiral_hall, vehumet_crystals, minmay_close_crescents

Skill      XL: |  1  2  3  4  5  6 |
---------------+-------------------+-----
Dodging        | 3 4 |  4.4
Fighting       | 4 |  4.4
Long Blades    | 4 5 |  5.1
Evocations     | 1 2 |  2.4

Action                   |  1- 3 |  4- 6 || total
-------------------------+-------+-------++-------
Melee: Falchion          |    73 |    80 ||   153
       Tailslap          |     8 |    21 ||    29
       Quarterstaff      |       |    74 ||    74
Invok: Berserk           |       |     1 ||     1
       Trog's Hand       |       |     1 ||     1
  Use: Scroll            |       |    10 ||    10
 Stab: Sleeping          |       |     3 ||     3
       Confused          |       |     1 ||     1
       Petrifying        |       |     1 ||     1
  Eat: Chunk             |       |     2 ||     2
       Pizza             |       |     1 ||     1
       Meat ration       |       |     1 ||     1
Armor: Skin              |    29 |    55 ||    84
Dodge: Dodged            |    55 |   120 ||   175
       Rpst.: Falchion   |    16 |    22 ||    38
